 Dungeon Crawl Stone Soup version 0.30-a0-626-gd6a5dd7a1f (webtiles) character file.

Game seed: 11891106764083427350

188 porpoise the Chopper (level 5, -11/48 HPs)
             Began as a Hill Orc Fighter on Jan 12, 2023.
             Killed by divine providence
             ... invoked by an orc priest
              (14 damage)
             ... on level 3 of the Dungeon.
             The game lasted 00:08:01 (2501 turns).

porpoise the Chopper (Hill Orc Fighter)             Turns: 2501, Time: 00:08:02

Health: -11/48     AC:  8    Str: 27    XL:     5   Next: 67%
Magic:  5/5        EV:  9    Int:  8    God:
Gold:   167        SH:  4    Dex: 10    Spells: 4/4 levels left

rFire   . . .      SeeInvis .    a - +0 war axe
rCold   . . .      Faith    .    c - +0 buckler
rNeg    . . .      Spirit   .    b - +0 scale mail
rPois   .          Reflect  .    z - +0 helmet
rElec   .          Harm     .    (no cloak)
rCorr   .          Rampage  .    (no gloves)
Will    .....                    (no boots) Stlth
                                 (no amulet)
HPRegen 0.28/turn                i - +6 ring of strength
MPRegen 0.09/turn                (no ring)

@: no status effects
A: no striking features
a: Convert to Beogh


You were on level 3 of the Dungeon.
You visited 1 branch of the dungeon, and saw 3 of its levels.

You collected 167 gold pieces.

Inventory:

Hand Weapons
 a - a +0 war axe (weapon)
 h - a +0 battleaxe
Missiles
 o - 3 boomerangs (quivered)
Armour
 b - a +0 scale mail (worn)
 c - a +0 buckler (worn)
 z - a +0 helmet (worn)
Jewellery
 i - a +6 ring of strength (left hand)
 l - an amulet of magic regeneration
 q - an amulet of guardian spirit
 s - a ring of magical power
 y - a ring of flight
 A - an amulet of reflection
Scrolls
 f - 2 scrolls of teleportation {unknown}
 j - a scroll of enchant armour {unknown}
 m - 2 scrolls of vulnerability {unknown}
 p - 2 scrolls of blinking {unknown}
 u - 2 scrolls of poison {unknown}
 v - a scroll of immolation {unknown}
 w - 2 scrolls of identify {unknown}
 B - a scroll of magic mapping {unknown}
 C - a scroll of summoning {unknown}
Potions
 d - 2 potions of might
 e - a potion of mutation {unknown}
 g - a potion of berserk rage {unknown}
 k - 2 potions of attraction {unknown}
 n - a potion of flight {unknown}
 r - a potion of curing {unknown}
 t - a potion of cancellation {unknown}
 x - a potion of heal wounds {unknown}


   Skills:
 + Level 5.1 Fighting
 * Level 6.4 Axes
 - Level 3.2 Armour
 - Level 3.2 Shields


You had 4 spell levels left.
You didn't know any spells.
Your spell library contained the following spells:

 Spells                   Type           Power      Damage    Failure   Level
 Ozocubu's Armour         Ice            0%         N/A       98%         3
 Ozocubu's Refrigeration  Ice            0%         4d7       100%        7


Dungeon Overview and Level Annotations

Branches:
Dungeon (3/15)

Altars:
Xom


Message History

You hit the orc priest.
The orc priest is moderately wounded.
You block the orc priest's attack.
You barely miss the orc wizard. You completely miss the orc priest.
The orc priest mumbles some strange prayers to Beogh against you.
Beogh smites you!
The orc wizard mumbles some strange words.
The orc wizard flickers and vanishes!
Deactivating autopickup; reactivate with Ctrl-A.
Something hits you.
* * * LOW HITPOINT WARNING * * *
You blink.
The orc priest barely misses you.
You closely miss the orc priest.
The orc priest is moderately wounded.
You hit something.
The orc priest hits you with a +0 short sword.
* * * LOW HITPOINT WARNING * * *
Something hits you.
* * * LOW HITPOINT WARNING * * *
You blink.
Found an escape hatch in the ceiling.
You barely miss something. You slash the orc priest!
You block something's attack. You block the orc priest's attack.
You barely miss something. You completely miss the orc priest.
The orc priest shouts, "Join the one true god or die!"
You hear some strange, mumbled words.
A magic dart appears from out of thin air!
The magic dart hits you.
* * * LOW HITPOINT WARNING * * *
The orc priest closely misses you.
The orc priest shouts, "Join the one true god or die!"
You hit something but do no damage. You barely miss the orc priest.
The orc priest shouts, "Beogh is our master!
Accept the truth or die!"
Something hits you.
* * * LOW HITPOINT WARNING * * *
You blink.
Okay, then.
The orc priest calls down the wrath of Beogh upon you.
Beogh smites you!
You die...

...# #.# ...# #.#
..# ...# #.# ..#
##.# #.# ..#
##.###.# ..#
.......##########..#
##.###.............#
#.# #...{.).......#
#.# #...)o.....@..#
##.##############..#
........# ..#
........# ..#
........# ..#
........# ..#
.######## ..# .# ..#
.##


You could see an orc priest.

Vanquished Creatures
  2 jellies (D:3)
  Robin (D:3)
  3 adders
  4 worms
  4 dart slugs
  An orc (D:3)
  4 ball pythons
  5 bats
  5 endoplasms
  3 giant cockroaches (D:3)
  13 goblins
  6 hobgoblins
  4 jackals
  3 kobolds
  A quokka (D:1)
  8 rats
67 creatures vanquished.

Notes
Turn   | Place    | Note
-------+----------+-------------------------------------------
     0 | D:1      | porpoise the Hill Orc Fighter began the quest for the Orb.
     0 | D:1      | Reached XP level 1. HP: 19/19 MP: 1/1
   129 | D:1      | Reached skill level 3 in Axes
   328 | D:1      | Reached XP level 2. HP: 25/27 MP: 2/2
  1115 | D:2      | Reached skill level 4 in Axes
  1115 | D:2      | Reached XP level 3. HP: 33/33 MP: 3/3
  1380 | D:2      | Reached XP level 4. HP: 21/41 MP: 4/4
  1920 | D:3      | Reached skill level 5 in Axes
  1953 | D:3      | Noticed Robin
  1990 | D:3      | Killed Robin
  2219 | D:3      | Found a shimmering altar of Xom.
  2242 | D:3      | Reached XP level 5. HP: 39/47 MP: 5/5
  2290 | D:3      | Reached skill level 6 in Axes
  2339 | D:3      | Reached skill level 5 in Fighting
  2501 | D:3      | Killed from afar by an orc priest

Illustrated notes

Levels and vault maps discovered:
D:1:      kilobyte_arrival_exit_the_forest, layout_loops_cross, serial_rivers,
          chequers_serial_rivers_marsh, chequers_serial_rivers_small_a,
          chequers_serial_rivers_small_3, chequers_serial_rivers_room_b,
          chequers_serial_rivers_micro_a, minmay_indecisive_spiral
D:2:      layout_loops_corners, kennysheep_generic_room_4
D:3:      layout_basic, dk_xom_monty_hall, dilly_ecumenical_altar_fadedgnrine,
          interstate_on_off, uniq_robin

Skill      XL: |  1  2  3  4  5 |
---------------+----------------+-----
Axes           | 3 4 5 6 |  6.4
Fighting       | 4 5 |  5.1
Armour         | |  3.2
Shields        | |  3.2

Action                   |  1- 3 |  4- 6 || total
-------------------------+-------+-------++-------
Melee: War axe           |    69 |    93 ||   162
Armor: Scale mail        |    32 |    34 ||    66
Dodge: Dodged            |    21 |    39 ||    60
Block: Buckler           |    15 |    17 ||    32

Table legend: (Time is in decaauts)
 A = Elapsed time spent in this place.
 B = Non-inter-level travel time spent in this place.
 C = Inter-level travel time spent in this place.
 D = Time resting spent in this place.
 E = Time spent auto-exploring this place.
 F = Levels seen in this place.
 G = Mean time per level.
                   A        B        C        D        E       F      G
               +--------+--------+--------+--------+--------+-----+--------+
         Total |   2567 |   2529 |     38 |    379 |   1682 |   3 |  855.7 |
       Dungeon |   2567 |   2529 |     38 |    379 |   1682 |   3 |  855.7 |
               +--------+--------+--------+--------+--------+-----+--------+

Top non-repeatable levels by time:
     D:2: 978 daAuts
     D:1: 961 daAuts
     D:3: 627 daAuts
